Map: Ruby Rock LE

Players

Rogue - Winner!

  • Race: Zerg Zerg

Oliveira

  • Race: Terran Terran

VOD

Have the link to the VOD?

Description

Time

  • Played on: Jan. 18, 2026, 1:18 a.m.
  • Length: 10:07
Show
View Real Time Build Order
Export as new Build Order

Rogue Zerg - Winner!

Build Orders: Hatch First 

Get SALT Encoding   

  12  0:00  Drone  
  13  0:09  Drone  
  13  0:14  Extractor, Drone  
  15  0:21  Overlord  
  15  0:39  Drone  
  16  0:46  Hatchery  
  16  0:48  Drone  
  16  0:52  Drone  
  16  0:56  Drone  
  18  1:07  Extractor  
  17  1:11  Spawning Pool  
  17  1:14  Drone  
  17  1:17  Drone  
  18  1:26  Drone  
  19  1:37  Drone  
  20  1:47  Drone  
  21  1:58  Queen x2  
  21  1:59  Zergling x4  
  27  2:10  Overlord  
  27  2:11  Metabolic Boost  
  27  2:13  Zergling x2  
  28  2:29  Hatchery  
  27  2:30  Drone  
  27  2:31  Drone  
  27  2:33  Drone  
  27  2:36  Drone  
  31  2:42  Overlord  
  31  2:45  Drone  
  32  2:52  Queen  
  32  2:55  Drone  
  32  2:57  Drone  
  36  3:04  Drone x2  
  38  3:09  Drone x3  
  38  3:12  Overlord  
  41  3:13  Drone  
  41  3:16  Drone  
  41  3:18  Drone  
  44  3:28  Overlord  
  44  3:32  Drone x2  
  46  3:36  Queen  
  46  3:39  Queen  
  50  3:44  Drone x4  
  54  3:51  Drone  
  54  3:52  Drone x2  
  54  3:54  Queen  
  59  3:58  Zergling x4  
  59  4:01  Overlord  
  61  4:04  Drone  
  61  4:08  Evolution Chamber  
  61  4:09  Drone x2  
  63  4:10  Drone  
  63  4:11  Drone  
  63  4:13  Drone  
  66  4:20  Queen  
  66  4:23  Drone  
  66  4:24  Drone x2  
  71  4:25  Drone  
  71  4:30  Drone  
  73  4:31  Drone  
  74  4:41  Zerg Ground Armor Level 1  
  74  4:42  Overlord x2  
  74  4:45  Extractor  
  72  4:48  Extractor  
  71  4:54  Overlord x2  
  71  5:00  Queen x2  
  71  5:01  Hatchery, Zergling x2  
  71  5:02  Zergling x4  
  71  5:03  Drone  
  71  5:04  Drone  
  81  5:10  Lair  
  81  5:13  Drone x7  
  86  5:14  Drone  
  86  5:19  Overlord, Extractor  
  86  5:20  Baneling Nest  
  85  5:23  Drone x4  
  85  5:27  Drone  
  90  5:29  Spore Crawler  
  90  5:30  Extractor, Overlord  
  90  5:31  Evolution Chamber  
  90  5:34  Spore Crawler, Overlord  
  86  5:43  Zergling x4  
  86  5:44  Zergling x4  
  90  5:52  Drone x6  
  90  5:55  Drone  
  96  5:57  Zerg Melee Weapons Level 1  
  96  5:59  Zergling x6  
  99  6:07  Hatchery  
  99  6:09  Centrifugal Hooks, Zergling x4  
  99  6:10  Zergling x2  
  101  6:13  Baneling x7  
  101  6:14  Infestation Pit  
  101  6:16  Burrow  
  100  6:20  Spore Crawler, Overseer  
  100  6:24  Drone x4  
  101  6:25  Drone  
  101  6:26  Drone x2  
  101  6:28  Drone x2  
  101  6:29  Drone  
  101  6:30  Drone  
  104  6:35  Drone x3  
  104  6:38  Drone  
  107  6:41  Drone  
  107  6:42  Drone  
  107  6:44  Drone x2  
  110  6:47  Drone  
  110  6:49  Overlord x2  
  110  6:52  Overlord  
  110  6:53  Overlord  
  110  6:58  Hive  
  110  7:04  Hatchery  
  110  7:07  Zergling x8  
  110  7:08  Zergling x4  
  115  7:10  Zergling x4  
  115  7:11  Zergling x2  
  115  7:15  Drone x2  
  120  7:20  Zergling x18  
  129  7:29  Zergling x12  
  135  7:30  Queen  
  135  7:33  Baneling x2  
  135  7:34  Spore Crawler  
  135  7:36  Zerg Ground Armor Level 2  
  136  7:38  Drone x2  
  136  7:43  Zergling x8  
  139  7:46  Zergling x6  
  139  7:48  Zergling x2  
  143  7:55  Zergling x14  
  143  7:56  Baneling x10  
  143  7:57  Overlord x3  
  150  8:00  Overlord  
  150  8:01  Overlord  
  150  8:03  Overlord  
  150  8:05  Baneling x4  
  150  8:08  Zergling x2  
  150  8:10  Zergling x2  
  150  8:12  Zergling x2  
  149  8:14  Baneling x15  
  149  8:15  Baneling x4  
  149  8:16  Zergling x8  
  150  8:20  Overlord x2  
  150  8:22  Zergling x8  
  150  8:24  Zergling x2  
  150  8:25  Zergling x2  
  145  8:28  Zergling x10  
  145  8:31  Zergling x6  
  125  8:34  Zergling x2  
  125  8:35  Zergling x6  
  125  8:36  Zergling x2  
  125  8:40  Zergling x10  
  119  8:42  Queen  
  119  8:44  Zergling x2  
  119  8:45  Zergling x2  
  119  8:46  Zergling x2  
  118  8:48  Zergling x2  
  118  8:49  Zergling x6  
  118  8:52  Zergling x4  
  118  8:54  Zergling x2  
  119  8:59  Baneling x7  
  118  9:04  Zergling x2  
  118  9:06  Zergling x4  
  118  9:08  Queen  
  118  9:09  Queen  
  125  9:14  Baneling x2, Extractor, Zergling x2  
  125  9:17  Zergling x2  
  125  9:18  Zergling x2  
  125  9:19  Zergling x6  
  125  9:20  Zergling x2  
  125  9:21  Zergling x2  
  125  9:23  Zergling x6  
  135  9:26  Zergling x2  
  135  9:27  Zergling x2  
  135  9:30  Baneling x4, Zergling x2  
  136  9:32  Zergling x2  
  136  9:33  Zergling x10  
  136  9:37  Zergling x2, Ultralisk Cavern  
  136  9:38  Baneling x5  
  142  9:39  Zergling x2  
  142  9:40  Zergling x2  
  142  9:42  Zergling x6  
  142  9:45  Baneling x6  
  145  9:47  Zergling x2  
  144  9:53  Baneling  
Show
View Real Time Build Order
Export as new Build Order

Oliveira Terran 

Build Orders: Reaper Expand, Hellion Banshee 

Get SALT Encoding   

  12  0:00  SCV  
  13  0:12  SCV  
  14  0:17  Supply Depot  
  14  0:24  SCV  
  15  0:38  SCV  
  15  0:39  Barracks  
  16  0:43  Refinery  
  16  0:51  SCV  
  17  1:03  SCV  
  18  1:15  SCV  
  19  1:27  Reaper, Orbital Command  
  20  1:38  Command Center  
  20  1:48  Supply Depot  
  20  1:53  SCV  
  21  1:59  Marine  
  22  2:05  SCV  
  23  2:11  Factory  
  23  2:17  SCV  
  23  2:21  Barracks Reactor  
  24  2:29  SCV  
  25  2:40  Command Center  
  25  2:41  SCV  
  26  2:50  Orbital Command  
  26  2:54  SCV  
  27  3:02  Starport  
  27  3:05  Refinery  
  27  3:06  SCV  
  27  3:09  Barracks Tech Lab  
  28  3:14  Hyperflight Rotors  
  28  3:15  SCV  
  28  3:17  Hellion  
  28  3:18  SCV, Hellion  
  34  3:28  SCV  
  34  3:30  SCV  
  36  3:39  Hellion  
  36  3:40  SCV, Hellion  
  41  3:42  SCV  
  41  3:44  Marine, Viking  
  44  3:52  SCV  
  44  3:53  Orbital Command  
  44  3:54  SCV  
  46  4:02  Hellion x2  
  50  4:04  SCV  
  50  4:08  Supply Depot  
  50  4:09  SCV  
  52  4:15  Banshee  
  52  4:16  SCV  
  56  4:19  SCV  
  56  4:20  Barracks Tech Lab  
  56  4:21  SCV  
  58  4:28  SCV  
  60  4:31  SCV  
  60  4:34  SCV, Barracks  
  60  4:35  Factory Reactor  
  61  4:39  Supply Depot, Barracks  
  61  4:41  Marine  
  61  4:43  SCV  
  63  4:47  Engineering Bay x2  
  63  4:49  Refinery x2  
  63  4:51  SCV  
  63  4:52  SCV  
  65  4:55  SCV  
  65  4:58  Marine  
  67  5:00  Banshee  
  67  5:03  Supply Depot, SCV  
  67  5:05  Stimpack  
  71  5:08  SCV  
  73  5:14  Orbital Command  
  73  5:19  Marine  
  73  5:23  SCV, Marine  
  73  5:24  Barracks  
  73  5:25  Barracks  
  73  5:26  Supply Depot, SCV  
  76  5:29  Terran Infantry Weapons Level 1, Terran Infantry Armor Level 1  
  76  5:31  Marine  
  76  5:35  SCV  
  78  5:38  Marine x2  
  78  5:39  SCV  
  78  5:41  SCV  
  82  5:47  SCV  
  82  5:48  Marine  
  84  5:51  SCV, Starport Reactor  
  84  5:53  SCV  
  86  5:59  Barracks, SCV  
  86  6:00  Supply Depot  
  86  6:03  Barracks  
  90  6:04  Siege Tank  
  90  6:05  Barracks  
  90  6:07  SCV x2  
  90  6:09  Marine  
  90  6:11  Supply Depot  
  93  6:12  Barracks Reactor  
  93  6:17  Supply Depot  
  93  6:21  Marine x3  
  93  6:25  Marine  
  97  6:26  SCV x2  
  97  6:27  Marine, Barracks Reactor  
  100  6:35  Medivac x2  
  100  6:36  SCV  
  100  6:39  Marine x2  
  107  6:42  SCV  
  107  6:45  Supply Depot, Marine  
  107  6:47  Siege Tank, Combat Shield, Supply Depot, Armory  
  112  6:49  SCV  
  112  6:50  Marine x2  
  112  6:51  Marine  
  112  6:53  Marine  
  117  7:01  Supply Depot  
  117  7:02  Marine x4  
  117  7:03  Marine  
  117  7:05  Marine  
  123  7:08  Marine  
  123  7:09  Marine  
  123  7:10  Marine x3, Supply Depot  
  123  7:11  Marine  
  123  7:13  Supply Depot  
  129  7:18  Medivac x2  
  129  7:20  Marine x2  
  129  7:21  Marine  
  136  7:23  Marine  
  136  7:27  Marine x4, Supply Depot  
  136  7:28  Supply Depot, Marine  
  142  7:31  Siege Tank  
  142  7:36  Terran Infantry Weapons Level 2  
  145  7:42  Terran Infantry Armor Level 2  
  145  7:43  Marine  
  144  7:44  Marine x2  
  144  7:47  Marine  
  144  7:49  Marine  
  148  7:51  Marine  
  148  7:56  Marine  
  150  7:59  Marine x2  
  150  8:00  Marine  
  150  8:03  Marine  
  154  8:09  SCV  
  154  8:12  SCV x2  
  124  8:20  Marine  
  124  8:21  SCV  
  112  8:28  Marine, Orbital Command  
  112  8:31  Marine x7  
  87  8:35  Marine x2  
  87  8:36  Marine  
  87  8:39  Marine  
  87  8:41  SCV  
  77  8:46  SCV, Siege Tank, Marine  
  80  8:49  Marine x6  
  80  8:53  SCV, Marine  
  80  8:56  Marine  
  80  8:58  SCV  
  80  9:00  Marine  
  75  9:04  Marine  
  75  9:05  SCV  
  75  9:08  SCV  
  78  9:10  SCV  
  78  9:11  Marine  
  78  9:13  Marine  
  78  9:15  Marine  
  82  9:22  Marine  
  80  9:27  Marine x2  
  80  9:28  Marine  
  80  9:29  Marine  
  81  9:32  Siege Tank, Marine  
  81  9:36  Marine  
  86  9:40  Marine  
  86  9:42  Marine  
  86  9:44  Marine x2  
  86  9:45  Marine  
  91  9:47  Marine  
Tags
 
Add a new tag
Caveats
  • Supply blocks, unpowered buildings, or Contaminate may cause inaccurate times.
  • Supply counts are checked every 10 seconds.